 Dungeon Crawl Stone Soup version 0.25.1-2-g60ff931df9 (webtiles) character file.

Game seed: 18242196783606311214

87780 ElPutoDani the Basher (level 15, -2/135 HPs)
             Began as a Centaur Warper on Nov 18, 2020.
             Was a High Priest of Okawaru.
             Slain by an ettin
             ... wielding a +0 dire flail
              (8 damage)
             ... on level 2 of the Orcish Mines on Nov 19, 2020.
             The game lasted 03:30:08 (30489 turns).

ElPutoDani the Basher (Centaur Warper)             Turns: 30489, Time: 03:30:10

Health: -2/135     AC: 24    Str: 19    XL:     15   Next: 44%
Magic:  16/22      EV: 18    Int: 15    God:    Okawaru [*****.]
Gold:   1676       SH:  0    Dex: 10    Spells: 20/24 levels left

rFire    + + .     SeeInvis .   O - +7 great mace "Firestarter" {inner flame, rF++}
rCold    . . .     Gourm    .   (shield currently unavailable)
rNeg     . . .     Faith    .   A - +2 robe of Vines {NoPotionHeal Regen+7}
rPois    .         Spirit   .   i - +1 helmet {Int+3}
rElec    .         Reflect  .   r - +0 cloak
rCorr    .         Harm     .   E - +0 pair of gloves
MR       ++...     Clarity  +   m - +1 centaur barding {Fly}
Stlth    +++.......             d - amulet of regeneration
HPRegen  3.52/turn              V - +4 ring of evasion
MPRegen  0.18/turn              Y - +4 ring of protection

@: about to teleport, heroism, flying, very slightly contaminated, studying Fire
Magic, very quick
A: large, hooves 3, clarity, deformed body, speed 2, magic resistance 1, tough
skin 3
a: Heroism, Finesse, Renounce Religion, Stop Flying


You were on level 2 of the Orcish Mines.
You worshipped Okawaru.
Okawaru was extremely pleased with you.
You were not hungry.

You visited 4 branches of the dungeon, and saw 23 of its levels.
You also visited: Sewer and Ice Cave.

You collected 1676 gold pieces.

Inventory:

Hand Weapons
 e - a +7 great mace of draining
 j - a +0 bardiche
 w - a +4 battleaxe of freezing
 O - the +7 great mace "Firestarter" (weapon) {inner flame, rF++}
   (You found it on level 10 of the Dungeon)

   It has been specially enchanted to burn those struck by it, causing extra
   injury to most foes and up to half again as much damage against particularly
   susceptible opponents.
   It greatly protects you from fire.
 Q - a +2 morningstar of distortion
Missiles
 X - 356 arrows
Armour
 i - a +1 helmet of intelligence (worn)
 m - a +1 centaur barding of flying (worn)
 n - +0 fire dragon scales
 r - a +0 cloak (worn)
 A - the +2 robe of Vines (worn) {NoPotionHeal Regen+7}
   (You found it on level 14 of the Dungeon)

   It increases your rate of regeneration.
 E - a +0 pair of gloves (worn)
Jewellery
 d - an amulet of regeneration (around neck)
 v - a +4 ring of protection
 D - an uncursed ring of see invisible
 K - a +4 ring of slaying
 V - a +4 ring of evasion (left hand)
 Y - a +4 ring of protection (right hand)
Wands
 h - a wand of acid (12)
 p - a wand of iceblast (11)
 u - a wand of digging (4)
 y - a wand of clouds (4)
 B - a wand of paralysis (8)
 Z - a wand of disintegration (14)
Scrolls
 a - a scroll of fog
 c - 2 scrolls of fear
 g - a scroll of enchant weapon
 l - 4 scrolls of teleportation
 q - 7 scrolls of remove curse
 x - 7 scrolls of identify
 G - a scroll of magic mapping
Potions
 b - 2 potions of ambrosia {unknown}
 o - 2 potions of curing
 s - a potion of stabbing
 t - a potion of heal wounds
 z - 3 potions of brilliance
 C - a potion of berserk rage {unknown}
 M - a potion of cancellation
 R - 2 potions of might
 T - a potion of haste
Books
 L - a manual of Fire Magic
Miscellaneous
 P - a phial of floods
 W - 2 boxes of beasts
Comestibles
 f - 38 rations
 k - 7 chunks of flesh


   Skills:
 * Level 13.1(18.1) Fighting
 + Level 3.6(15.1) Axes
 + Level 14.0(19.1) Maces & Flails
 - Level 2.1(8.2) Polearms
 - Level 1.1(6.1) Throwing
 * Level 7.8(12.8) Armour
 * Level 9.6(14.6) Dodging
   Level 2.6(7.6) Shields
 + Level 5.0 Spellcasting
 + Level 4.5 Charms
 + Level 5.1 Translocations
 + Level 3.0 Invocations
 + Level 1.0 Evocations


You had 20 spell levels left.
You knew the following spells:

 Your Spells              Type           Power        Failure   Level  Hunger
a - Blink                 Tloc           N/A          3%          2    ##.....
b - Shroud of Golubria    Chrm/Tloc      ###...       3%          2    ##.....

Your spell library contained the following spells:

 Spells                   Type           Power        Failure   Level  Hunger
 Gell's Gravitas          Tloc           ###.......   6%          3    ###....
 Lesser Beckoning         Tloc           ###.......   6%          3    ###....
 Teleport Other           Tloc           ###.....     6%          3    ###....
 Freeze                   Ice            #...         16%         1    None
 Magic Dart               Conj           #...         16%         1    None
 Sting                    Tmut/Pois      #...         16%         1    None
 Ozocubu's Armour         Chrm/Ice       ##......     19%         3    ###....
 Passage of Golubria      Tloc           N/A          21%         4    ####...
 Poisonous Vapours        Pois/Air       #.....       24%         2    ##.....
 Searing Ray              Conj           #.....       24%         2    ##.....
 Confusing Touch          Hex            #.......     43%         3    ###....
 Dazzling Flash           Conj/Hex       #.....       43%         3    ###....
 Frozen Ramparts          Ice            #.....       43%         3    ###....
 Ignite Poison            Fire/Tmut/Pois #.......     43%         3    ###....
 Mephitic Cloud           Conj/Pois/Air  #.......     43%         3    ###....
 Iskenderun's Mystic Bla  Conj/Tloc      ##......     50%         4    ####...
 Cause Fear               Hex            #.........   85%         4    ####...
 Fulminant Prism          Conj/Hex       #.........   85%         4    ####...
 Hailstorm                Conj/Ice       #.......     85%         4    ####...
 Leda's Liquefaction      Hex/Erth       #.........   85%         4    ####...
 Olgreb's Toxic Radiance  Pois           #.......     85%         4    ####...
 Petrify                  Tmut/Erth      #.......     85%         4    ####...
 Summon Ice Beast         Ice/Summ       #.......     85%         4    ####...
 Bolt of Magma            Conj/Fire/Erth #.........   99%         5    ######.
 Fireball                 Conj/Fire      #.........   99%         5    ######.
 Metabolic Englaciation   Hex/Ice        #.........   99%         5    ######.
 Silence                  Hex/Air        #.........   99%         5    ######.
 Yara's Violent Unravell  Hex/Tmut       #.........   99%         5    ######.
 Iron Shot                Conj/Erth      #.........   100%        6    #######
 Starburst                Conj/Fire      #.........   100%        6    #######
 Statue Form              Tmut/Erth      #........    100%        6    #######
 Ring of Flames           Chrm/Fire      ##........   100%        7    #######
 Discord                  Hex            #.........   100%        8    #######
 Ignition                 Fire           #.........   100%        8    #######
 Shatter                  Erth           #.........   100%        9    #######


Dungeon Overview and Level Annotations

Branches:
Dungeon (14/15)            Temple (1/1) D:7            Lair (6/6) D:8
  Swamp (0/4) Lair:4        Snake (0/4) Lair:2        Slime (0/5) Lair:6
    Orc (2/2) D:12         Vaults (0/5) D:14          Sewer (visited)
  IceCv (visited)
    Elf: Orc:2

Altars:
Ashenzari
Cheibriados
Elyvilon
Fedhas
Hepliaklqana
Makhleb
Okawaru
Ru
Trog
Yredelemnul
The Shining One

Shops:
D:4 %   D:5 *   D:10 }   D:12 (

Portals:
Trove: D:10 (give 2 scrolls of acquirement)


Innate Abilities, Weirdness & Mutations

You have hooves in place of feet.
Armour fits poorly on your strangely shaped body.
You cover ground very quickly.
You have extremely tough skin. (AC +3)
You possess an exceptional clarity of mind.
You are resistant to hostile enchantments. (MR+)


Message History

You resist with almost no effort.
The orc warrior hits you from afar with a +1 halberd of freezing!
The orc warrior freezes you. The orc completely misses you.
The orc warrior hits you from afar with a +0 trident!!
* * * LOW HITPOINT WARNING * * *
The orc sorcerer hits you but does no damage.
As you read the scroll of teleportation, it crumbles to dust.
You feel strangely unstable. The orc completely misses you.
The orc barely misses you.
The orc priest hits you but does no damage.
The warg barely misses you. The orc barely misses you.
The orc knight completely misses you. The orc warrior misses you.
The orc warrior hits you but does no damage.
The orc sorcerer mumbles some strange words.
The orc hits you with a +0 mace!
* * * LOW HITPOINT WARNING * * *
The ettin hits you with a +0 dire flail!!
* * * LOW HITPOINT WARNING * * *
The ettin hits you with a +0 dire flail!
You die...

..........
..........
....$..o.#
.........##
..........##
.....3.....##
#.....oohC..#
......ho@o.##
......oooo..#
........oo.##
...#.#o....#
.. ##.#....#
. .....$.##
..#.#....
.....###..##
... . ##.#


You could see an orc knight (inner flame), an ettin, a neqoxec (summoned), 2
wargs, an orc sorcerer (inner flame, strong), 2 orc warriors, 2 orc priests and
6 orcs.

Vanquished Creatures
  A fire giant (D:10)
  A frost giant (IceCv)
  An ettin (D:14)
  Harold (D:11)
  Fannar (D:11)
  8 hydras
  An anaconda (Lair:5)
  3 catoblepae
  3 centaur warriors
  A two-headed ogre (D:14)
  18 death yaks
  Sonja (D:11)
  A fire crab (D:14)
  A deep troll (D:14)
  2 wizards (D:14)
  Pikel (D:8)
  16 ugly things
  An orc knight (D:14)
  2 manticores (D:14)
  A deep elf mage (D:14)
  2 cyclopes
  3 centaur zombies
  4 black mambas
  Psyche (D:9)
  A gargoyle (D:14)
  2 ice statues
  6 spiny frogs
  3 freezing wraiths
  A yaktaur (D:14)
  8 rime drakes
  An efreet (D:14)
  2 tengu conjurers
  5 komodo dragons
  A queen bee (D:10)
  18 polar bears
  5 trolls
  2 tyrant leeches (Lair:4)
  6 blink frogs
  4 dream sheep (Lair:4)
  24 hippogriffs
  A meliai zombie (D:12)
  A spriggan (shapeshifter) (D:14)
  3 wraiths
  6 wyverns
  52 yaks
  6 fire bats (D:10)
  2 hungry ghosts
  10 basilisks
  Edmund (D:3)
  2 swamp worms (Lair:4)
  4 nagas (Lair:2)
  2 acid dragons
  2 soldier ants
  12 water moccasins
  A hell hound (D:14)
  Purgy (Sewer)
  7 porcupines
  13 orc warriors
  3 sky beasts
  11 ice beasts
  2 phantoms
  11 ogres
  24 wolves
  An eye of draining (D:14)
  6 crocodiles
  9 centaurs
  Blork the orc (D:4)
  5 big kobolds
  A gnoll sergeant (Orc:1)
  19 bullfrogs
  A wyvern skeleton (D:14)
  2 scorpions
  22 killer bees
  10 wights
  A howler monkey (D:13)
  2 electric eels (Lair:3)
  9 crimson imps
  3 quasits
  4 bullfrog skeletons
  10 hounds
  7 jellies
  18 orc priests
  8 iguanas
  Jessica (D:3)
  3 centaur skeletons
  Terence (D:2)
  12 worker ants
  21 orc wizards
  3 hound skeletons
  11 gnolls
  11 adders
  2 river rats (D:3)
  2 shadow imps
  2 oozes
  3 adder zombies
  5 worms
  3 dart slugs
  5 leopard geckos
  86 orcs
  7 giant cockroaches
  11 goblins
  4 hobgoblins
  24 jackals
  3 quokkas
  3 ball pythons
  6 bats
  5 frilled lizards
  29 kobolds
  2 quokka skeletons
  9 rats
  3 bushes (D:2)
  8 fungi
  2 plants
767 creatures vanquished.

Vanquished Creatures (others)
  A porcupine (Lair:5)
  4 slaves (D:8)
  An orc (D:3)
  A giant cockroach (D:8)
  A quokka (D:8)
  7 fungi
  8 plants
23 creatures vanquished.

Grand Total: 790 creatures vanquished

Notes
Turn   | Place    | Note
-------+----------+-------------------------------------------
     0 | D:1      | ElPutoDani the Centaur Warper began the quest for the Orb.
     0 | D:1      | Reached XP level 1. HP: 17/17 MP: 3/3
   174 | D:1      | Reached XP level 2. HP: 16/24 MP: 4/4
   446 | D:1      | Reached skill level 2 in Maces & Flails
   581 | D:1      | Reached skill level 1 in Armour
   710 | D:2      | Found a bloodstained altar of Trog.
   718 | D:2      | Reached XP level 3. HP: 30/30 MP: 5/5
  1098 | D:2      | Noticed Terence
  1114 | D:2      | Killed Terence
  1114 | D:2      | Reached XP level 4. HP: 34/37 MP: 6/6
  1267 | D:2      | Reached skill level 1 in Polearms
  1616 | D:2      | Found a sacrificial altar of Ru.
  2173 | D:3      | Reached XP level 5. HP: 29/45 MP: 7/7
  2175 | D:3      | Found a glowing drain.
  2182 | Sewer    | Entered a sewer
  2346 | Sewer    | Noticed Purgy
  2356 | Sewer    | Killed Purgy
  2757 | D:3      | Reached XP level 6. HP: 51/51 MP: 8/8
  2793 | D:3      | Noticed Jessica
  2803 | D:3      | Killed Jessica
  3246 | D:3      | Learned a level 2 spell: Blink
  3249 | D:3      | Learned a level 2 spell: Shroud of Golubria
  3299 | D:4      | Noticed Blork the orc
  3315 | D:4      | Killed Blork the orc
  3330 | D:4      | Noticed Edmund
  3586 | D:3      | Gained mutation: You are resistant to hostile enchantments.
                  | (MR+) [potion of mutation]
  3586 | D:3      | Gained mutation: You possess an exceptional clarity of
                  | mind. [potion of mutation]
  3674 | D:3      | Killed Edmund
  3674 | D:3      | Reached XP level 7. HP: 24/59 MP: 6/9
  3868 | D:5      | Entered Level 5 of the Dungeon
  4118 | D:4      | Found Ipnaso's Food Shoppe.
  4213 | D:4      | Reached skill level 3 in Maces & Flails
  4638 | D:5      | Found a burning altar of Makhleb.
  4759 | D:5      | Reached skill level 1 in Axes
  5174 | D:5      | Reached XP level 8. HP: 67/67 MP: 11/11
  5396 | D:5      | Found a blossoming altar of Fedhas.
  5701 | D:5      | Found Tuetz's Assorted Antiques.
  5712 | D:5      | Found a basalt altar of Yredelemnul.
  6484 | D:6      | Found an iron altar of Okawaru.
  6487 | D:6      | Became a worshipper of Warmaster Okawaru
  6547 | D:6      | Reached skill level 5 in Fighting
  6789 | D:6      | Reached skill level 4 in Maces & Flails
  7042 | D:7      | Noticed a four-headed hydra
  7048 | D:7      | Killed a four-headed hydra
  7048 | D:7      | Reached * piety under Okawaru
  7048 | D:7      | Reached skill level 1 in Charms
  7048 | D:7      | Reached XP level 9. HP: 36/75 MP: 9/13
  7286 | D:7      | Found a white marble altar of Elyvilon.
  7312 | D:7      | Found a glowing golden altar of the Shining One.
  7599 | D:7      | Reached ** piety under Okawaru
  7686 | D:7      | Reached skill level 5 in Maces & Flails
  7853 | D:7      | Found a staircase to the Ecumenical Temple.
  8735 | D:8      | Found a snail-covered altar of Cheibriados.
  8735 | D:8      | Found a shattered altar of Ashenzari.
  8757 | D:8      | Reached skill level 5 in Dodging
  8816 | D:8      | Noticed Pikel
  8827 | D:8      | Killed Pikel
  8827 | D:8      | Reached *** piety under Okawaru
  8827 | D:8      | Reached skill level 6 in Maces & Flails
  8827 | D:8      | Reached XP level 10. HP: 37/84 MP: 14/14
  9373 | D:8      | Found a staircase to the Lair.
  9641 | D:8      | Reached skill level 7 in Maces & Flails
  9888 | Lair:1   | Entered Level 1 of the Lair of Beasts
 10322 | Lair:1   | Noticed a spiny frog
 10329 | Lair:1   | Killed a spiny frog
 10329 | Lair:1   | Reached **** piety under Okawaru
 11146 | Lair:2   | Found a frozen archway.
 11203 | Lair:2   | Noticed a seven-headed hydra
 11276 | IceCv    | Entered an ice cave
 11573 | IceCv    | Reached skill level 8 in Maces & Flails
 11634 | IceCv    | Noticed an ice statue
 11649 | IceCv    | Reached XP level 11. HP: 55/94 MP: 16/16
 12724 | IceCv    | Reached ***** piety under Okawaru
 12818 | IceCv    | Noticed a frost giant
 12818 | IceCv    | Noticed a death yak
 12819 | IceCv    | Found the +3 warlock's mirror {reflect}
 12831 | IceCv    | Killed a frost giant
 12831 | IceCv    | Received a gift from Okawaru
 12831 | IceCv    | Reached skill level 9 in Maces & Flails
 12831 | IceCv    | Reached skill level 5 in Armour
 12837 | IceCv    | Killed a death yak
 13351 | IceCv    | Reached skill level 1 in Evocations
 13361 | IceCv    | Reached skill level 10 in Maces & Flails
 13646 | IceCv    | Reached XP level 12. HP: 82/104 MP: 11/17
 14229 | Lair:2   | Killed a seven-headed hydra
 14440 | Lair:2   | Found a staircase to the Snake Pit.
 15047 | Lair:2   | You are sucked into a shaft and drop 2 floors!
 15055 | Lair:4   | Received a gift from Okawaru
 15068 | Lair:4   | Reached skill level 10 in Fighting
 15202 | Lair:4   | Noticed a five-headed hydra
 15430 | Lair:4   | Reached skill level 11 in Maces & Flails
 15439 | Lair:4   | Reached skill level 1 in Shields
 16078 | Temple   | Entered the Ecumenical Temple
 17112 | Lair:4   | Noticed a death yak
 17124 | Lair:4   | Killed a death yak
 17126 | Lair:4   | Noticed a death yak
 17126 | Lair:4   | Noticed a death yak
 17126 | Lair:4   | Noticed a death yak
 17126 | Lair:4   | Noticed a death yak
 17126 | Lair:4   | Noticed a death yak
 17139 | Lair:4   | Killed a death yak
 17149 | Lair:4   | Killed a death yak
 17151 | Lair:4   | Killed a death yak
 17151 | Lair:4   | Reached XP level 13. HP: 81/114 MP: 15/19
 17169 | Lair:4   | Reached skill level 1 in Invocations
 17213 | Lair:4   | Found a staircase to the Swamp.
 18116 | Lair:4   | Received a gift from Okawaru
 18304 | Lair:5   | Reached skill level 12 in Maces & Flails
 19279 | Lair:6   | Entered Level 6 of the Lair of Beasts
 19305 | Lair:6   | Found a staircase to the Slime Pits.
 19567 | Lair:6   | Noticed an entropy weaver
 19874 | D:9      | Reached XP level 14. HP: 124/124 MP: 20/20
 20031 | D:9      | Noticed Psyche
 20043 | D:9      | Killed Psyche
 20334 | D:9      | Found a hazy altar of Hepliaklqana.
 21106 | D:10     | Entered Level 10 of the Dungeon
 21400 | D:10     | Found Zudoc's Gadget Emporium.
 21623 | D:10     | Noticed a fire giant
 22284 | D:11     | Noticed Sonja
 22295 | D:11     | Killed Sonja
 22391 | D:11     | Noticed Fannar
 22407 | D:11     | Killed Fannar
 22485 | D:11     | Noticed Harold
 22504 | D:11     | Killed Harold
 23180 | D:10     | Received a gift from Okawaru
 23225 | D:10     | Reached skill level 13 in Maces & Flails
 23245 | D:10     | Found the +7 great mace "Firestarter" {inner flame, rF++}
 23291 | D:10     | Killed a fire giant
 24210 | D:10     | Found a portal to a secret trove of treasure.
 24598 | D:12     | Found a staircase to the Orcish Mines.
 25089 | D:12     | Found Enais's Antique Weapon Boutique.
 27126 | D:13     | Received a gift from Okawaru
 27324 | D:14     | Found the +2 robe of Vines {NoPotionHeal Regen+7}
 27347 | D:14     | Got an encrusted great sword
 27356 | D:14     | Identified the +4 great sword "Hublyps" {flame, +Blink
                  | rElec Str-3 Int+7} (You found it on level 14 of the
                  | Dungeon)
 27401 | D:14     | Got a twisted mace
 27547 | D:14     | Identified the cursed +1 mace of Foidgh {vorpal, rC+} (You
                  | found it on level 14 of the Dungeon)
 27594 | D:14     | Reached ****** piety under Okawaru
 27692 | D:14     | Reached XP level 15. HP: 124/134 MP: 22/22
 27785 | D:14     | Reached skill level 5 in Translocations
 27969 | D:14     | Reached skill level 5 in Spellcasting
 28008 | D:14     | Found a gate to the Vaults.
 28053 | D:14     | Received a gift from Okawaru
 28064 | D:14     | Got a bloodstained robe {god gift}
 28075 | D:14     | Identified the +2 robe "Yqe Pumeg" {rN+} (Okawaru gifted it
                  | to you on level 14 of the Dungeon)
 30057 | Orc:1    | Entered Level 1 of the Orcish Mines
 30222 | Orc:1    | Reached skill level 14 in Maces & Flails
 30470 | Orc:2    | Entered Level 2 of the Orcish Mines
 30489 | Orc:2    | HP: 6/135 [ettin/+0 dire flail (26)]
 30489 | Orc:2    | Slain by an ettin

Illustrated notes

Levels and vault maps discovered:
D:1:      ncdulo_watergridlock, layout_rooms, minmay_pentomino_p4
D:2:      layout_basic, overflow_temple_1_default, first_ration, serial_forest,
          infiniplex_forest_zigzag_1, infiniplex_forest_lined_ring,
          infiniplex_forest_clump_medium, infiniplex_forest_clump_long,
          infiniplex_forest_lined_ring, infiniplex_forest_lined_3_way,
          infiniplex_forest_split, infiniplex_forest_end_3,
          trog_three_pillars_becter, uniq_terence
D:3:      layout_rooms, portal_sewer_entry_e, uniq_jessica
D:4:      layout_loops_ring, serial_shops,
          nicolae_shop_temple_entry_statues_fountains, uniq_blork_the_orc,
          uniq_edmund
D:5:      layout_layer_cave, lemuel_crystal_altar, kennysheep_little_box,
          serial_shops, shop, bloody_makhleb
D:6:      layout_rooms, kennysheep_mini_moat, kennysheep_generic_room_15
D:7:      layout_loops_corners, elyvilon_altar_1, minmay_temple_entry_poolview,
          basic_altar
D:8:      layout_basic, gammafunk_temple_overflow_elements, david_lair_generic,
          uniq_pikel
D:9:      layout_irregular_city, old_standard_altar, blue_anna_alchemist
          [blue_anna_fruit_fields, blue_anna_fruit_fields],
          kennysheep_generic_room_9, uniq_psyche
D:10:     minmay_firetagon, layout_stronghold, serial_shops, shop,
          serial_column_ruins, column_ruins_square_small, column_ruins_hut,
          column_ruins_columns_straight, column_ruins_open_small,
          column_ruins_grid_3, column_ruins_open_tiny_water,
          column_ruins_open_tiny, column_ruins_open_small,
          trove_entry_hex_spiral, minivault_7
D:11:     layout_long_grid, uniq_fannar, uniq_harold, uniq_sonja
D:12:     layout_loops_ring, david_orc_3, serial_shops, nicolae_shop_stone,
          grunt_ministairs_14, minivault_16
D:13:     layout_roguey
D:14:     layout_loops_ring, david_vaults_4, special_room
          [special_room_mythical_zoo], serial_park_tiny_pond,
          minmay_hollow_rounded_squares
Temple:   jpeg_temple_clearing
Lair:1:   layout_cave_pods
Lair:2:   layout_hall_layers, guppyfry_snake_entry_island,
          portal_ice_cave_entry_ice_beasts, grunt_megastairs_3
Lair:3:   layout_chaotic_city, serial_bayou_shore_a
Lair:4:   layout_roguey, minmay_swamp_entry_worms, bh_autumn_forest_stairs
Lair:5:   layout_misc_corridors, st_stairs_13, beast_lair_carwin_9
Lair:6:   due_jungle_book, layout_regular_city, minmay_slime_entry_pillars,
          zaba_anthell
Orc:1:    layout_caves
Orc:2:    kennysheep_orc_mage_school, layout_caves, basic_altar, mines4_lemuel,
          uniq_urug

Skill      XL: |  1  2  3  4  5  6  7  8  9 10 11 12 13 14 15 |
---------------+----------------------------------------------+-----
Maces & Flails | 2 3 4 6 8 10 11 12 13 14 | 14.0
Armour         | 1 2 3 4 5 6 7 |  7.8
Dodging        | 2 3 4 5 6 7 8 9 |  9.6
Polearms       | 1 2 |  2.1
Fighting       | 3 4 5 6 7 9 10 11 12 13 | 13.1
Spellcasting   | 2 3 4 5 |  5.0
Axes           | 1 3 |  3.6
Translocations | 3 4 5 |  5.1
Charms         | 1 2 3 4 |  4.5
Evocations     | 1 |  1.0
Shields        | 1 2 |  2.6
Invocations    | 2 3 |  3.0
Throwing       | |  1.1

Action                   |  1- 3 |  4- 6 |  7- 9 | 10-12 | 13-15 || total
-------------------------+-------+-------+-------+-------+-------++-------
Melee: Mace              |     9 |       |       |       |       ||     9
       Spear             |    69 |   282 |       |       |       ||   351
       Kick              |    12 |    93 |    53 |   130 |   315 ||   603
       War axe           |       |       |   127 |       |       ||   127
       Dire flail        |       |       |    34 |       |       ||    34
       Great mace        |       |       |   133 |   507 |   691 ||  1331
       Staff             |       |       |       |       |   340 ||   340
       Morningstar       |       |       |       |       |   139 ||   139
 Cast: Shroud of Golubri |       |     3 |    14 |    37 |    95 ||   149
Invok: Heroism           |       |       |     3 |    10 |    17 ||    30
       Finesse           |       |       |       |     1 |    11 ||    12
Evoke: Wand              |       |       |       |    21 |     3 ||    24
  Use: Scroll            |       |     8 |     1 |    16 |    13 ||    38
       Potion            |       |     6 |     1 |     7 |     3 ||    17
  Eat: Chunk             |       |     7 |    16 |    21 |    37 ||    81
       Ration            |       |       |     1 |     1 |     1 ||     3
Armor: Scale mail        |    28 |   107 |   198 |   300 |   384 ||  1017
       Animal skin       |       |       |       |    76 |       ||    76
       Fire dragon scale |       |       |       |       |   195 ||   195
       Troll leather arm |       |       |       |       |    64 ||    64
       Robe              |       |       |       |       |    76 ||    76
Dodge: Dodged            |    26 |    59 |   135 |   264 |   608 ||  1092
Block: Buckler           |       |       |       |       |   125 ||   125
       Reflection        |       |       |       |       |     4 ||     4
